 Dungeon Crawl Stone Soup version 0.27.1-33-g824d729ab1 (webtiles) character file.

Game seed: 4479895874668415503

291 safid the Chopper (level 6, -1/52 HPs)
             Began as a Hill Orc Fighter on Dec 22, 2021.
             Slain by Eustachio (2 damage)
             ... on level 5 of the Dungeon.
             The game lasted 00:07:25 (4262 turns).

safid the Chopper (Hill Orc Fighter)                Turns: 4262, Time: 00:07:26

Health: -1/52      AC: 11    Str: 21    XL:     6   Next: 32%
Magic:  6/6        EV:  4    Int:  8    God:
Gold:   115        SH: 15    Dex: 10    Spells: 5/5 levels left

rFire    . . .     SeeInvis .   a - +0 war axe
rCold    . . .     Faith    .   c - +0 kite shield
rNeg     . . .     Spirit   .   f - +0 plate armour
rPois    .         Reflect  +   (no helmet)
rElec    .         Harm     .   (no cloak)
rCorr    .         Rampage  .   (no gloves)
Will     .....                  (no boots)
Stlth    ..........             p - amulet of reflection
HPRegen  0.17/turn              (no ring)
MPRegen  0.10/turn              (no ring)

@: no status effects
A: no striking features
a: no special abilities


You were on level 5 of the Dungeon.
You visited 1 branch of the dungeon, and saw 5 of its levels.

You collected 141 gold pieces.
You spent 26 gold pieces at shops.

Inventory:

Hand Weapons
 a - a +0 war axe (weapon)
Missiles
 e - 6 javelins
 k - 21 poisoned darts (quivered)
Armour
 c - a +0 kite shield (worn)
 f - a +0 plate armour (worn)
Jewellery
 j - an amulet of the acrobat
 p - an amulet of reflection (around neck)
Scrolls
 h - 4 scrolls of teleportation
 i - 2 scrolls of enchant weapon
 l - a scroll of blinking
 n - a scroll of fear
 o - a scroll of summoning {unknown}
Potions
 b - a potion of curing {unknown}
 d - a potion of might
 g - 2 potions of haste {unknown}
 m - 2 potions of flight {unknown}


   Skills:
 - Level 4.0 Fighting
 + Level 5.8 Axes
 - Level 4.0 Armour
 + Level 5.4 Shields


You had 5 spell levels left.
You didn't know any spells.
Your spell library contained the following spells:

 Spells                   Type           Power      Damage    Failure   Level
 Pain                     Necr           0%         1d4       100%        1
 Corpse Rot               Necr/Air       N/A        N/A       100%        2
 Tukima's Dance           Hex            0%         N/A       100%        3
 Dispel Undead            Necr           0%         3d6       100%        4
 Passage of Golubria      Tloc           N/A        N/A       100%        4
 Agony                    Necr           0%         N/A       100%        5
 Excruciating Wounds      Necr           0%         N/A       100%        5
 Yara's Violent Unravell  Hex/Tmut       0%         3d3       100%        5
 Death Channel            Necr           0%         N/A       100%        6


Dungeon Overview and Level Annotations

Branches:
Dungeon (5/15)
 Temple: D:4-7

Altars:
Elyvilon

Shops:
D:3 *=:   D:4 ((=?

Annotations:
D:5 Eustachio


Message History

You block the river rat's attack.
The river rat bites you but does no damage.
The ufetubus hits you but does no damage. x2
You closely miss Eustachio.
Eustachio is severely wounded.
You slash the white imp!
You kill the white imp!
The white imp disappears in a puff of smoke!
You closely miss the shadow imp. You miss the ufetubus.
You completely miss the river rat. You hit the river rat.
The ufetubus hits you but does no damage.
You block the ufetubus's attack. Eustachio barely misses you.
You block the shadow imp's attack. You block the river rat's attack.
The river rat bites you!
* * * LOW HITPOINT WARNING * * *
The ufetubus hits you but does no damage. x2
Eustachio hits you with a +0 falchion.
* * * LOW HITPOINT WARNING * * *
You closely miss Eustachio.
Eustachio is severely wounded.
You slash the shadow imp!
You kill the shadow imp!
The shadow imp disappears in a puff of smoke!
You closely miss the ufetubus. You barely miss the river rat.
You hit the river rat but do no damage. You block the ufetubus's attack.
The ufetubus hits you but does no damage.
The river rat bites you but does no damage.
You block the river rat's attack. Eustachio hits you with a +0 falchion.
* * * LOW HITPOINT WARNING * * *
The ufetubus barely misses you.
The ufetubus hits you but does no damage.
The river rat bites you but does no damage.
You block the river rat's attack.
You hit Eustachio.
Eustachio is severely wounded.
You closely miss the ufetubus. You closely miss the river rat. x2
You block the ufetubus's attack.
The ufetubus hits you but does no damage.
Eustachio hits you with a +0 falchion.
You die...

# #.#.#.# .# .#.
#.#.#.#(##.#
#........#.#
#........#.# #
#........#.##.#.#
#................
##.........##.###
#.>....r.5#
#.....br@§#
####.###@§# #.
#..# #. #..# #.
#..# #..# #...
#.##


You could see Eustachio, 2 river rats, an ufetubus (summoned) and a bat
(summoned).

Vanquished Creatures
  A water moccasin zombie (D:5)
  2 hounds
  2 centaur skeletons
  An iguana (D:4)
  A hound skeleton (D:4)
  An adder (D:3)
  An orc (D:3)
  3 ball pythons
  8 bats
  3 endoplasms
  4 giant cockroaches
  5 goblins
  9 hobgoblins
  6 jackals
  4 quokkas
  3 frilled lizards
  2 kobolds
  5 rats
61 creatures vanquished.

Vanquished Creatures (others)
  A fungus (D:1)
  7 plants
8 creatures vanquished.

Grand Total: 69 creatures vanquished

Notes
Turn   | Place    | Note
-------+----------+-------------------------------------------
     0 | D:1      | safid the Hill Orc Fighter began the quest for the Orb.
     0 | D:1      | Reached XP level 1. HP: 19/19 MP: 1/1
   153 | D:1      | Reached XP level 2. HP: 27/27 MP: 2/2
   247 | D:1      | Found a faded altar of an unknown god.
   772 | D:1      | Reached XP level 3. HP: 19/33 MP: 3/3
  1476 | D:2      | Found a white marble altar of Elyvilon.
  2195 | D:3      | Found Pikles's Book Shop.
  2308 | D:3      | Reached XP level 4. HP: 37/40 MP: 4/4
  2699 | D:3      | Found Kiminole's Assorted Antiques.
  2995 | D:3      | Found Sumov's Jewellery Boutique.
  3155 | D:4      | Found Xodeit's Magic Scroll Shoppe.
  3163 | D:4      | Bought a scroll of identify for 26 gold pieces
  3378 | D:4      | Found Canlofo's Jewellery Emporium.
  3475 | D:4      | Reached XP level 5. HP: 44/46 MP: 5/5
  3612 | D:4      | Found Qiwneosk's Weapon Emporium.
  3622 | D:4      | Reached skill level 5 in Axes
  3936 | D:4      | Found Pypta's Weapon Emporium.
  3969 | D:5      | Entered Level 5 of the Dungeon
  3978 | D:5      | Reached skill level 5 in Shields
  4000 | D:5      | Reached XP level 6. HP: 30/52 MP: 6/6
  4231 | D:5      | Noticed Eustachio
  4261 | D:5      | HP: 1/52 [Eustachio (3)]
  4262 | D:5      | Slain by Eustachio

Illustrated notes

Levels and vault maps discovered:
D:1:      minmay_arrival_up_and_down, layout_basic,
          shapermc_ecumenical_altar_mp_urbaneastern, hangedman_decor_points
D:2:      layout_loops_cross, basic_altar, minmay_misc_feat_diagonals,
          minmay_misc_feat_doors, grunt_ministairs_4
D:3:      layout_basic, serial_forest, infiniplex_forest_lined_3,
          infiniplex_forest_straight_5, infiniplex_forest_straight_4,
          infiniplex_forest_clump_double, infiniplex_forest_clump_curved,
          infiniplex_forest_end_1, infiniplex_forest_clump_cross,
          infiniplex_forest_zigzag_1, serial_shops, shop_statue, shop,
          nicolae_lakefront_shop, minmay_door_square
D:4:      layout_basic, serial_shops, nicolae_lakefront_shop, shop, shop, shop
D:5:      layout_loops_ring, grunt_decor_one_mirror, uniq_sigmund,
          uniq_eustachio, uniq_prince_ribbit1

Skill      XL: |  1  2  3  4  5 |
---------------+----------------+-----
Axes           | 3 4 5 |  5.8
Fighting       | 4 |  4.0
Armour         | 4 |  4.0
Shields        | 4 5 |  5.4

Action                   |  1- 3 |  4- 6 || total
-------------------------+-------+-------++-------
Melee: War axe           |   155 |   110 ||   265
Throw: Dart              |       |     1 ||     1
  Use: Scroll            |       |     5 ||     5
Armor: Scale mail        |    86 |    18 ||   104
       Plate armour      |       |    75 ||    75
Dodge: Dodged            |    50 |    35 ||    85
Block: Kite shield       |    84 |   126 ||   210
